 Dungeon Crawl Stone Soup version 0.25-a0-1133-g93ebf739aa (webtiles) character file.

Game seed: 1995353001120536915, levelgen mode: deterministic

2604 Delarado the Grappler (level 9, 0/93 HPs)
             Began as an Octopode Fighter on May 21, 2020.
             Was an Initiate of Makhleb.
             Slain by a quasit (2 damage)
             ... while paralysed
             ... on level 3 of the Dungeon.
             The game lasted 00:24:04 (7214 turns).

Delarado the Grappler (Octopode Fighter)            Turns: 7214, Time: 00:24:05

Health: 0/93       AC:  2    Str: 15    XL:     9   Next: 59%
Magic:  9/9        EV:  2    Int: 17    God:    Makhleb [......]
Gold:   422        SH:  0    Dex: -3 (14) Spells: 8/8 levels left

rFire    . . .     SeeInvis .     - Unarmed
rCold    . . .     Gourm    .   a - +0 kite shield
rNeg     . . .     Faith    .   w - +1 hat
rPois    .         Spirit   .   q - amulet of regeneration
rElec    .         Reflect  .   e - ring of flight
rCorr    .         Harm     .   u - +6 ring of intelligence
MR       .....                  z - ring of wizardry
Stlth    ..........             (no ring)
HPRegen  0.65/turn              (no ring)
MPRegen  0.11/turn              (no ring)
                                (no ring)
                                (no ring)

@: paralysed, berserking, slowed, lost dexterity
A: almost no armour, stealthy swim, amphibious, 8 rings, constrict 8, camouflage
1, gelatinous body 1
a: Renounce Religion, Evoke Flight


You were on level 3 of the Dungeon.
You worshipped Makhleb.
Makhleb was noncommittal.
You were hungry.

You visited 2 branches of the dungeon, and saw 9 of its levels.

You collected 422 gold pieces.

Inventory:

Missiles
 d - 2 atropa-tipped darts
 f - 192 stones (quivered)
 h - 8 boomerangs
 i - 79 arrows
 F - 22 poisoned darts
Armour
 a - a +0 kite shield (worn)
 w - a +1 hat (worn)
Jewellery
 e - a ring of flight (left tentacle)
 q - an amulet of regeneration (around mantle)
 u - a +6 ring of intelligence (right tentacle)
 z - a ring of wizardry (on tentacle)
Wands
 o - a wand of random effects (25)
 s - a wand of polymorph (11)
 E - a wand of paralysis (11)
Scrolls
 g - 3 scrolls of remove curse
 m - a scroll of magic mapping
 v - 2 scrolls of amnesia
 y - 2 scrolls of teleportation
 B - a scroll of enchant weapon
Potions
 b - a potion of might
 j - 2 potions of berserk rage
 k - 2 potions of resistance
 l - 2 potions of magic {unknown}
 n - 4 potions of lignification
 p - 4 potions of brilliance
 r - 3 potions of heal wounds {unknown}
 x - a potion of cancellation {unknown}
 A - a potion of flight {unknown}
 C - a potion of stabbing {unknown}
Comestibles
 c - 11 rations


   Skills:
 + Level 5.8 Fighting
 + Level 7.0 Dodging
 + Level 1.5 Stealth
 - Level 3.0 Shields
 - Level 10.0 Unarmed Combat


You had 8 spell levels left.
You didn't know any spells.
Your spell library contained the following spells:

 Spells                   Type           Power        Failure   Level  Hunger
 Animate Skeleton         Necr           N/A          38%         1    ##.....
 Pain                     Necr           #...         38%         1    ##.....
 Recall                   Summ/Tloc      N/A          75%         3    ####...
 Vampiric Draining        Necr           #.........   75%         3    ####...
 Animate Dead             Necr           N/A          98%         4    #####..
 Agony                    Necr           #.......     100%        5    ######.
 Borgnjor's Vile Clutch   Necr/Erth      #.........   100%        5    ######.
 Death Channel            Necr           #.........   100%        6    #######
 Simulacrum               Ice/Necr       #.........   100%        6    #######


Dungeon Overview and Level Annotations

Branches:
Dungeon (8/15)             Temple (1/1) D:5
   Lair: D:8-11

Altars:
Ashenzari
Cheibriados
Dithmenos
Elyvilon
Gozag
Hepliaklqana
Makhleb
Nemelex Xobeh
Okawaru
Qazlal
Ru
Sif Muna
Trog
Uskayaw
Wu Jian
Xom
Yredelemnul
Zin
The Shining One

Shops:
D:7 }

Annotations:
D:3 barcode's ghost, amateur DsWz
D:6 4 runed translucent doors
D:8 3 runed translucent doors, Gastronok; berserg's ghost, novice OpCK


Innate Abilities, Weirdness & Mutations

You cannot wear most types of armour.
You are very stealthy in the water. (Stealth+)
You are amphibious.
You can wear up to eight rings at the same time.
You can use your tentacles to constrict eight enemies at once.
Your skin changes colour to match your surroundings (Stealth+).
Your rubbery body absorbs attacks. (AC +1, EV +1)


Message History

The quasit claws you.
* * * LOW HITPOINT WARNING * * *
The quasit bites you.
* * * LOW HITPOINT WARNING * * *
The quasit claws you but does no damage.
The quasit completely misses you. x2; The quasit claws you.
* * * LOW HITPOINT WARNING * * *
You feel clumsy.
The quasit claws you but does no damage.
The quasit bites you.
* * * LOW HITPOINT WARNING * * *
You feel clumsy.
The quasit claws you but does no damage.
The quasit barely misses you. The quasit completely misses you.
The quasit claws you but does no damage. x2
The quasit bites you.
* * * LOW HITPOINT WARNING * * *
You feel clumsy. The quasit claws you.
You die...

##'#.#.##################.## #..
.......# #..# #.. .......# ##.#
#.. .......# #)# #.. ##+#+#.# #.#
##..
##.#.#.###################.###...
##...............................
.....#.........55.....#####.##.##
..)..#..<....###@####.....#..#.##
.....#......##.###..#####.##.#.#.
.....#.....##......#....#..#...#.
.....#.#...#....#.!.#...##.....#.
.....#.###.#..##..#...§..#.##.##.
.....#.##..#©..#..©..##..#.......
.....#.##.##.#5....#.....#.###.##
.....#.##.#....###=..##.##.# #..#
##'#.#.##.##..#..$".....#..# ##.#


You could see 2 quasits.

Vanquished Creatures
  Psyche (D:8)
  Eustachio (D:4)
  2 ice beasts (D:7)
  3 sky beasts
  An ogre (D:7)
  A phantom (D:7)
  A centaur (D:7)
  2 bullfrogs
  2 scorpions
  5 killer bees (D:7)
  4 wights (D:6)
  2 crimson imps
  3 bullfrog zombies
  3 hounds
  A centaur zombie (D:6)
  Crazy Yiuf (D:7)
  3 iron imps (D:8)
  An orc wizard (D:3)
  2 centaur skeletons
  Ijyb (D:3)
  2 iguanas
  4 worker ants
  Robin (D:3)
  A howler monkey zombie (D:8)
  6 adders
  A gnoll (D:6)
  A shadow imp (D:7)
  An ooze (D:1)
  2 adder skeletons (D:5)
  A worm (D:2)
  A dart slug (D:1)
  3 leopard geckos
  8 orcs
  3 ball pythons
  9 giant cockroaches
  14 goblins
  11 hobgoblins
  14 jackals
  2 quokkas (D:6)
  12 bats
  4 frilled lizards
  6 kobolds
  A leopard gecko zombie (D:7)
  A quokka skeleton (D:6)
  A quokka zombie (D:8)
  5 rats
155 creatures vanquished.

Notes
Turn   | Place    | Note
-------+----------+-------------------------------------------
     0 | D:1      | Delarado the Octopode Fighter began the quest for the Orb.
     0 | D:1      | Reached XP level 1. HP: 16/16 MP: 1/1
   140 | D:1      | Reached XP level 2. HP: 21/21 MP: 2/2
   196 | D:1      | Reached skill level 3 in Unarmed Combat
   516 | D:1      | Reached XP level 3. HP: 20/26 MP: 3/3
  1165 | D:2      | Found a hazy altar of Hepliaklqana.
  1165 | D:2      | Found a shimmering blue altar of Sif Muna.
  1457 | D:2      | Reached skill level 4 in Unarmed Combat
  1460 | D:2      | Reached XP level 4. HP: 30/31 MP: 4/4
  1903 | D:3      | Noticed Ijyb
  1914 | D:3      | Killed Ijyb
  2127 | D:3      | Noticed Robin
  2157 | D:3      | Killed Robin
  2157 | D:3      | Reached skill level 5 in Unarmed Combat
  2157 | D:3      | Reached XP level 5. HP: 36/36 MP: 5/5
  2391 | D:3      | Found an opulent altar of Gozag.
  2667 | D:3      | Found a transporter.
  2683 | D:3      | Noticed barcode's ghost (amateur DsWz)
  3005 | D:3      | Found a transporter.
  3457 | D:4      | Reached skill level 6 in Unarmed Combat
  3457 | D:4      | Reached XP level 6. HP: 38/42 MP: 6/6
  3471 | D:4      | Noticed Eustachio
  3536 | D:4      | Found an ornate altar of the Wu Jian Council.
  3552 | D:5      | Entered Level 5 of the Dungeon
  3696 | D:5      | Found a stormy altar of Qazlal.
  3697 | D:5      | Found a staircase to the Ecumenical Temple.
  3709 | Temple   | Entered the Ecumenical Temple
  4002 | D:6      | Found a large runed translucent door.
  4002 | D:6      | Found a large runed translucent door.
  4125 | D:6      | Reached skill level 7 in Unarmed Combat
  4184 | D:6      | Reached XP level 7. HP: 34/46 MP: 7/7
  4345 | D:6      | Reached skill level 8 in Unarmed Combat
  4658 | D:6      | Reached skill level 9 in Unarmed Combat
  4658 | D:6      | Reached XP level 8. HP: 51/52 MP: 8/8
  4858 | D:6      | Found a large runed translucent door.
  4858 | D:6      | Found a large runed translucent door.
  5170 | D:6      | Found an iron altar of Okawaru.
  5395 | D:7      | Found Vaamieh's Gadget Shop.
  5414 | D:7      | Reached skill level 10 in Unarmed Combat
  5495 | D:7      | Reached skill level 5 in Dodging
  5604 | D:7      | Noticed a +0 dagger
  5604 | D:7      | Noticed a +0 hand axe
  5611 | D:7      | Found a hide-covered altar of Uskayaw.
  5678 | D:7      | Reached XP level 9. HP: 45/58 MP: 9/9
  5954 | D:7      | Found a runed translucent door.
  5955 | D:7      | Noticed Crazy Yiuf
  6142 | D:7      | Killed Crazy Yiuf
  6249 | D:8      | Found a runed translucent gate.
  6250 | D:8      | Found a runed translucent gate.
  6250 | D:8      | Found a runed translucent gate.
  6252 | D:8      | Noticed berserg's ghost (novice OpCK)
  6312 | D:8      | Found a burning altar of Makhleb.
  6340 | D:8      | Reached skill level 5 in Fighting
  6348 | D:8      | Became a worshipper of Makhleb the Destroyer
  6493 | D:8      | Noticed Psyche
  6522 | D:8      | Killed Psyche
  6549 | D:8      | Noticed Gastronok
  6790 | D:4      | Killed Eustachio
  6790 | D:4      | Reached skill level 1 in Stealth
  7211 | D:3      | Lost dexterity.
  7212 | D:3      | HP: 4/93 [quasit (1)]
  7214 | D:3      | Slain by a quasit

Illustrated notes

Levels and vault maps discovered:
D:1:      minmay_arrival_open_corners, layout_rooms
D:2:      layout_basic, gammafunk_temple_overflow_statue, patterned_corridor
D:3:      layout_basic, nicolae_gozag_cash_rules_everything_around_me,
          gammafunk_ghost_stat_death, first_ration, uniq_ijyb, uniq_robin
D:4:      layout_loops_ring, overflow_temple_1_default, uniq_eustachio
D:5:      layout_rooms, minmay_temple_entry_offerings, basic_altar
D:6:      layout_cave_pods, okawaru_altar_gauntlet_db,
          minmay_hollow_rounded_squares
D:7:      layout_loops_ring, dancing_weapons_uskayaw, serial_shops, shop,
          uniq_crazy_yiuf_cottage
D:8:      layout_rooms, demons_altar, minmay_lair_entry_grove,
          gammafunk_ghost_necromancy, uniq_gastronok, uniq_psyche, uniq_erica
Temple:   nicolae_temple_hex_pool

Skill      XL: |  1  2  3  4  5  6  7  8  9 |
---------------+----------------------------+-----
Unarmed Combat | 3 4 5 6 7 9 10 | 10.0
Dodging        | 5 7 |  7.0
Fighting       | 5 |  5.8
Stealth        | 1 |  1.5
Shields        | |  3.0

Action                   |  1- 3 |  4- 6 |  7- 9 || total
-------------------------+-------+-------+-------++-------
Melee: Unarmed           |    76 |   131 |   217 ||   424
       Constrict         |    18 |    30 |    38 ||    86
       Tentacles         |    14 |    36 |    42 ||    92
       Punch             |     2 |     5 |    22 ||    29
Throw: Stone             |     1 |    36 |    52 ||    89
  Use: Scroll            |       |     5 |     8 ||    13
       Potion            |       |       |     1 ||     1
 Stab: Sleeping          |     8 |     3 |     2 ||    13
       Distracted        |       |       |     1 ||     1
  Eat: Chunk             |     1 |     8 |     7 ||    16
       Ration            |       |     1 |       ||     1
Armor: Skin              |    12 |     9 |    46 ||    67
Dodge: Dodged            |    33 |    48 |   155 ||   236
Block: Kite shield       |    37 |    36 |   115 ||   188

Table legend:
 A = Non-vault XP
 B = Vault XP
 C = Vault XP percentage of total XP
 D = Non-vault monster count
 E = Vault monster count
 F = Vault count percentage of total count
                 A         B        C        D         E       F
            +---------+---------+-------+---------+---------+-------
      Total |    2692 |    1029 |  27.7 |     130 |      25 |  16.1
            +---------+---------+-------+---------+---------+-------
        D:1 |      53 |       0 |   0.0 |      29 |       0 |   0.0
        D:2 |      34 |       0 |   0.0 |      11 |       0 |   0.0
        D:3 |     113 |      63 |  35.8 |      32 |       8 |  20.0
        D:4 |     118 |     203 |  63.2 |       5 |       1 |  16.7
        D:5 |      55 |       0 |   0.0 |       6 |       0 |   0.0
        D:6 |     807 |     178 |  18.1 |      21 |      11 |  34.4
        D:7 |    1256 |      42 |   3.2 |      17 |       1 |   5.6
        D:8 |     256 |     543 |  68.0 |       9 |       4 |  30.8
            +---------+---------+-------+---------+---------+-------
